 Dungeon Crawl Stone Soup version 0.27.1 (webtiles) character file.

Game seed: 13182011928699067584

1176 karkarkar the Cleaver (level 8, -3/64 HPs)
             Began as a Hill Orc Fighter on Aug 31, 2021.
             Was an Initiate of Makhleb.
             Slain by Duvessa (6 damage)
             ... on level 5 of the Dungeon.
             The game lasted 00:15:36 (5875 turns).

karkarkar the Cleaver (Hill Orc Fighter)            Turns: 5875, Time: 00:15:37

Health: -3/64      AC: 14    Str: 21    XL:     8   Next: 41%
Magic:  8/8        EV:  4    Int:  8    God:    Makhleb [......]
Gold:   294        SH: 10    Dex: 10    Spells: 7/7 levels left

rFire    . . .     SeeInvis .   a - +0 war axe
rCold    . . .     Faith    .   c - +0 kite shield
rNeg     . . .     Spirit   .   u - +0 plate armour
rPois    .         Reflect  .   m - +2 hat
rElec    .         Harm     .   h - scarf {repulsion}
rCorr    .         Rampage  .   (no gloves)
Will     .....                  r - +0 pair of boots
Stlth    ..........             (no amulet)
HPRegen  0.20/turn              (no ring)
MPRegen  0.11/turn              (no ring)

@: repel missiles
A: no striking features
a: Renounce Religion


You were on level 5 of the Dungeon.
You worshipped Makhleb.
Makhleb was noncommittal.
You visited 2 branches of the dungeon, and saw 6 of its levels.
You also visited: Sewer.

You collected 327 gold pieces.
You spent 33 gold pieces at shops.

Inventory:

Hand Weapons
 a - a +0 war axe (weapon)
Missiles
 f - 2 boomerangs (quivered)
Armour
 c - a +0 kite shield (worn)
 h - a scarf of repulsion (worn)
 m - a +2 hat (worn)
 r - a +0 pair of boots (worn)
 u - a +0 plate armour (worn)
Scrolls
 b - a scroll of amnesia {unknown}
 g - a scroll of immolation
 i - a scroll of enchant armour {unknown}
 n - a scroll of noise {unknown}
 w - a scroll of magic mapping {unknown}
 x - a scroll of fear {unknown}
 y - a scroll of enchant weapon {unknown}
 z - 2 scrolls of teleportation
Potions
 d - a potion of might
 j - 2 potions of curing
 l - 6 potions of heal wounds
 o - 2 potions of flight
 q - a potion of magic {unknown}
 s - a potion of lignification {unknown}
 t - a potion of degeneration
 v - 2 potions of brilliance {unknown}


   Skills:
 - Level 3.6 Fighting
 * Level 11.0 Axes
 + Level 2.2 Throwing
 - Level 3.2 Armour
 + Level 0.9 Dodging
 + Level 0.1 Stealth
 + Level 5.5 Shields


You had 7 spell levels left.
You didn't know any spells.
Your spell library contained the following spells:

 Spells                   Type           Power      Damage    Failure   Level
 Beastly Appendage        Tmut           0%         N/A       100%        1
 Pain                     Necr           0%         1d4       100%        1
 Passwall                 Tmut/Erth      0%         N/A       100%        2
 Wereblood                Tmut           0%         N/A       100%        2
 Spider Form              Tmut/Pois      0%         N/A       100%        3
 Swiftness                Air            0%         N/A       100%        3
 Agony                    Necr           0%         N/A       100%        5
 Excruciating Wounds      Necr           0%         N/A       100%        5
 Invisibility             Hex            0%         N/A       100%        6


Dungeon Overview and Level Annotations

Branches:
Dungeon (5/15)             Temple (1/1) D:4           Sewer (visited)

Altars:
Cheibriados
Fedhas
Gozag
Kikubaaqudgha
Makhleb
Okawaru
Qazlal
Ru
Trog
Uskayaw
Wu Jian
Xom
Yredelemnul
Zin
The Shining One

Shops:
D:1 [   D:2 :   D:4 *

Annotations:
D:5 Duvessa


Message History

Duvessa weeps, then rights herself and shakes her weapon.
Duvessa goes berserk!
You block Duvessa's attack.
Your Axes skill increases to level 11!
You hit Duvessa.
Duvessa is lightly wounded.
You block Duvessa's attack. x2
You slash Duvessa!
Duvessa is moderately wounded.
You block Duvessa's attack.
You hit Duvessa.
Duvessa is moderately wounded.
Duvessa hits you with a +0 short sword! You block Duvessa's attack.
You hit Duvessa.
Duvessa is moderately wounded.
Duvessa hits you with a +0 short sword. x2
You hit Duvessa.
Duvessa is heavily wounded.
You block Duvessa's attack.
You hit Duvessa.
Duvessa is heavily wounded.
Duvessa hits you with a +0 short sword!!
Duvessa closely misses you.
You are too injured to fight recklessly!
You are too injured to fight recklessly!
You hit Duvessa.
Duvessa is severely wounded.
Duvessa hits you but does no damage. You block Duvessa's attack.
You closely miss Duvessa.
Duvessa is severely wounded.
Duvessa hits you with a +0 short sword!
You hit Duvessa.
Duvessa is severely wounded.
Duvessa hits you with a +0 short sword!
* * * LOW HITPOINT WARNING * * *
Duvessa hits you with a +0 short sword.
* * * LOW HITPOINT WARNING * * *
You slash Duvessa!
Duvessa is severely wounded.
You block Duvessa's attack. Duvessa hits you with a +0 short sword.
You die...

...§§§§≈≈≈≈.§...#
.....§.....≈.≈...#
.....≈.≈._.≈.≈.... ...
.....≈.≈...≈.§... ...
..#..≈.§≈≈≈≈.≈.### ...
..##§≈.....?.≈...# ...
##...#§§§≈≈≈≈≈.≈....
...##...##.§....@e).....
...#...#####........((..
#.....##.###..##....##.#
.............#####..#
....##....#.## ....
....###...### .....
....# ♣♣♣♣# ....#
...♣♣♣♣♣ ...## ..≈♣≈≈≈♣


You could see Duvessa (berserk).

Vanquished Creatures
  Sigmund (D:4)
  Menkaure (D:4)
  Purgy (D:3)
  A phantom (D:5)
  Blork the orc (D:4)
  A kobold brigand (Sewer)
  2 scorpions
  Dowan (D:5)
  Jessica (D:3)
  2 iguanas (D:4)
  Natasha (thrice) (D:2)
  An orc wizard (D:3)
  A scorpion zombie (D:5)
  2 hound skeletons (D:4)
  3 adders (D:4)
  2 river rats
  3 adder skeletons (D:3)
  An adder zombie (D:3)
  8 worms
  3 dart slugs
  7 orcs
  7 ball pythons
  17 endoplasms
  9 giant cockroaches
  6 goblins
  7 hobgoblins
  9 quokkas
  12 bats
  6 frilled lizards
  14 kobolds
  A quokka skeleton (D:3)
  9 rats
143 creatures vanquished.

Vanquished Creatures (others)
  A fungus (D:2)
  8 plants
9 creatures vanquished.

Grand Total: 152 creatures vanquished

Notes
Turn   | Place    | Note
-------+----------+-------------------------------------------
     0 | D:1      | karkarkar the Hill Orc Fighter began the quest for the Orb.
     0 | D:1      | Reached XP level 1. HP: 19/19 MP: 1/1
    64 | D:1      | Reached skill level 3 in Axes
   217 | D:1      | Reached XP level 2. HP: 26/26 MP: 2/2
   555 | D:1      | Found Kuri Etagh's Armour Shop.
   869 | D:1      | Reached XP level 3. HP: 24/31 MP: 3/3
   943 | D:1      | Reached skill level 4 in Axes
  1714 | D:2      | Found Lodism's Book Emporium.
  2138 | D:2      | Noticed Natasha
  2148 | D:2      | Killed Natasha
  2149 | D:2      | Reached skill level 5 in Axes
  2149 | D:2      | Reached XP level 4. HP: 34/39 MP: 4/4
  2206 | D:2      | Noticed Natasha
  2213 | D:2      | Killed Natasha
  2352 | D:2      | Noticed Natasha
  2358 | D:2      | Killed Natasha
  2359 | D:2      | Reached XP level 5. HP: 45/45 MP: 5/5
  2552 | D:2      | Reached skill level 6 in Axes
  2841 | D:2      | Found a faded altar of an unknown god.
  3091 | D:3      | Found a glowing silver altar of Zin.
  3175 | D:3      | Found a glowing drain.
  3188 | Sewer    | Entered a sewer
  3321 | Sewer    | Noticed a kobold brigand
  3342 | Sewer    | Killed a kobold brigand
  3343 | Sewer    | Reached skill level 7 in Axes
  3343 | Sewer    | Reached XP level 6. HP: 45/51 MP: 6/6
  3455 | Sewer    | Found a white marble altar of Elyvilon.
  3859 | D:3      | Noticed Purgy
  3866 | D:3      | Killed Purgy
  3867 | D:3      | Reached skill level 8 in Axes
  4181 | D:3      | Noticed Jessica
  4188 | D:3      | Killed Jessica
  4189 | D:3      | Reached XP level 7. HP: 57/57 MP: 7/7
  4608 | D:4      | Found Lovussee's General Store.
  4715 | D:4      | Found a sacrificial altar of Ru.
  4747 | D:4      | Noticed Sigmund
  4758 | D:4      | Killed Sigmund
  4759 | D:4      | Reached skill level 9 in Axes
  4923 | D:4      | Noticed Menkaure
  5182 | D:4      | Killed Menkaure
  5183 | D:4      | Reached skill level 10 in Axes
  5183 | D:4      | Reached skill level 1 in Throwing
  5183 | D:4      | Reached skill level 5 in Shields
  5268 | D:4      | Found a staircase to the Ecumenical Temple.
  5291 | D:4      | Reached XP level 8. HP: 62/64 MP: 8/8
  5292 | Temple   | Entered the Ecumenical Temple
  5345 | Temple   | Became a worshipper of Makhleb the Destroyer
  5497 | D:4      | Noticed Blork the orc
  5506 | D:4      | Killed Blork the orc
  5726 | D:4      | Bought a scroll of teleportation for 33 gold pieces
  5754 | D:5      | Entered Level 5 of the Dungeon
  5855 | D:5      | Found an iron altar of Okawaru.
  5858 | D:5      | Noticed Dowan
  5860 | D:5      | Noticed Duvessa
  5865 | D:5      | Killed Dowan
  5866 | D:5      | Reached skill level 11 in Axes
  5874 | D:5      | HP: 3/64 [Duvessa (4)]
  5875 | D:5      | Slain by Duvessa

Illustrated notes

Levels and vault maps discovered:
D:1:      erik_arrival_cave_to_civilisation [erik_arrival_cave_to_hall],
          layout_basic, serial_shops, nicolae_shop_behind_doors
D:2:      minmay_thinvault, layout_loops_ring,
          dreamdust_ecumenical_altar_hidden_monk_grotto, serial_shops,
          nicolae_shop_trees, uniq_natasha
D:3:      layout_basic, zin_scriptorium, serial_undead, serial_undead_a,
          serial_undead_f, serial_undead_c, serial_undead_a,
          portal_sewer_entry_e, uniq_jessica, uniq_purgy
D:4:      layout_rooms, mainiacjoe_overflow_small_starburst,
          minmay_temple_entry_antechambers, serial_shops, nicolae_square_shop,
          serial_forest, infiniplex_forest_clump_medium,
          infiniplex_forest_clump_small, infiniplex_forest_pool,
          infiniplex_forest_3_way, infiniplex_forest_clump_small,
          infiniplex_forest_lined_3, infiniplex_forest_straight_5,
          infiniplex_forest_lined_room_, infiniplex_forest_diagonal,
          uniq_blork_the_orc, uniq_menkaure, uniq_sigmund
D:5:      layout_cave_pools, mainiacjoe_overflow_concentric_impassable,
          gammafunk_temple_overflow_forgotten, serial_bayou,
          serial_bayou_ford_a, serial_bayou_pond_c, serial_bayou_pond_a,
          serial_bayou_lagoon_b, serial_bayou_pond_c, st_stairs_14,
          nicolae_stop_n_shop_2, grunt_decor_mini_mirrors, uniq_duvessa
Temple:   nicolae_temple_hex_pool

Skill      XL: |  1  2  3  4  5  6  7  8 |
---------------+-------------------------+-----
Axes           | 3 5 7 8 10 11 | 11.0
Shields        | 4 5 |  5.5
Throwing       | 1 2 |  2.2
Fighting       | |  3.6
Armour         | |  3.2
Dodging        | |  0.9
Stealth        | |  0.1

Action                   |  1- 3 |  4- 6 |  7- 9 || total
-------------------------+-------+-------+-------++-------
Melee: War axe           |   163 |   155 |   123 ||   441
Throw: Boomerang         |     4 |    11 |    19 ||    34
       Dart              |       |     3 |     7 ||    10
       Throwing net      |       |       |     4 ||     4
  Use: Scroll            |     1 |       |     2 ||     3
       Potion            |       |     1 |     2 ||     3
Armor: Scale mail        |    86 |    44 |       ||   130
       Plate armour      |       |    16 |    63 ||    79
Dodge: Dodged            |    50 |    29 |    14 ||    93
Block: Kite shield       |    89 |    61 |    65 ||   215
